 BcadrenCrawl: Boulder Brew version 0.04.2-1-gb5f9d521f8 (webtiles) character file.

Game seed: 8850792263013222545, levelgen mode: deterministic

410 sankara the Insei (level 6, -3/47 HPs) Immature Draconian Transmuter. Began on Apr 23, 2021. Slain by a water moccasin (8 damage) ... on level 2 of the Dungeon. The game lasted 00:06:21 (726 turns).

sankara the Insei (Immature Draconian Transmuter)    Turns: 726, Time: 00:06:21

Health: -3/47      AC: -1    Str: 12    XL:     6 ^: 147
Magic:  10/10      EV: 12    Int: 15    God:
Gold:   34         SH:  0    Dex: 12    Spells: 4/10 levels left

rFire    . . .     Vision   .     - Unarmed
rCold    . . .     Gourm    .     - Unarmed
rNeg     . . .     Faith    .   (armour unavailable)
rPois    .         Spirit   .   (helmet restricted)
rElec    .         Reflect  .   (no cloak)
rCorr    .         Harm     .   (no gloves)
MR       .....                  (no boots)
Stlth    +.........             (no amulet)
HPRegen  0.25/turn              (no ring)
MPRegen  0.20/turn              (no ring)

@: short of breath, corroded
A: no body armour, unfitting armour, cold-blooded, AC +7
a: Breathe Dart


You were on level 2 of the Dungeon.
You were not hungry.

You visited 1 branch of the dungeon, and saw 2 of its levels.

You collected 34 gold pieces.

Inventory:

Weapons
 j - a +0 hunting sling
Jewellery
 d - an uncursed amulet of regeneration
 i - an uncursed amulet of rage
 k - an uncursed ring of fire
Scrolls
 a - a scroll of teleportation
 c - a scroll of enchantment
 f - a scroll of fear
 g - a scroll of amnesia
 m - a scroll of magic mapping
Potions
 e - a potion of cancellation
 l - a potion of heal wounds
Comestibles
 b - 3 rations


   Skills:
 - Level 1.2 Fighting
 - Level 1.5 Dodging
 * Level 5.1 Unarmed Combat
 - Level 2.6 Spellcasting
 * Level 4.2 Transmutations
 + Level 0.7 Poison Magic


You had 4 spell levels left.
You knew the following spells:

 Your Spells              Type           Power        Failure   Level  Hunger
a - Beastly Appendage     Tmut           14 (50)      3%          1    #......
b - Sticks to Snakes      Tmut           14 (100)     5%          2    ##.....
c - Scorpion Form         Tmut/Pois      9 (200)      22%         3    ###....

Your spell library contained the following spells:

 Spells                   Type           Power        Failure   Level  Hunger
 Snakes to Sticks         Hex/Tmut       8 (100)      26%         3    ###....
 Ice Form                 Ice/Tmut       8 (100)      65%         4    #####..
 Blade Hands              Tmut           14 (200)     71%         5    ######.


Dungeon Overview and Level Annotations

Branches:
Dungeon (2/8)

Altars:


Innate Abilities, Weirdness & Mutations

You cannot fit into any form of body armour.
Your plain brown scales are resilient. (AC +7)
You can breathe rudimentary magical darts.
You are cold-blooded and may be slowed by cold attacks.


Message History

You hear an angry hiss.
You enter the shallow water.
Moving in this stuff is going to be slow.
A kobold comes into view.
A water moccasin comes into view.
You see here an adder corpse.
The slimehead bites the withered plant but does no damage.
The water moccasin bites you (9)!
* * * LOW HITPOINT WARNING * * *
The water moccasin bites you (5).
* * * LOW HITPOINT WARNING * * *
The water moccasin bites you (1).
* * * LOW HITPOINT WARNING * * *
Breath at?
Press: ? - help, Shift-Dir - straight line, f - big kobold
Aim: a big kobold, wielding a club (healthy (28/28))
You spit a rudimentary magic dart.
The dart misses the water moccasin.
The dart hits the big kobold (7)!
The big kobold is moderately wounded. (21/28) HP You feel somewhat more hungry.
The water moccasin bites you (8)!
You die...

#?P≈P≈P..### #.≈# ###≈#
P≈≈≈P≈..≈####.≈≈P #...##
#PP≈≈PP≈≈..≈.#≈≈## ##.##≈#
#PP≈P≈≈P...†≈≈≈.≈# ##≈≈≈##≈
#≈P;≈P≈P.#Z.≈##..# ###≈..###≈
#P≈≈≈PP≈.##.K########≈##..# ##
#.≈≈≈.PP.###.≈≈#≈#.#.≈#≈≈## #≈
#≈.≈≈PP..≈..≈......≈###≈
#≈≈≈≈≈≈≈.b.................#≈.
#≈≈≈≈≈≈≈.............†....##..


You could see a water moccasin, a big kobold and a kobold skeleton.

Vanquished Creatures
  A big kobold (D:2)
  A bullfrog (D:2)
  2 jellies (D:2)
  5 giant cockroaches
  An adder (D:2)
  10 sewer rats (D:2)
  A cinder newt (D:1)
  An ooze (D:2)
  2 leopard geckos (D:1)
  2 adder skeletons (D:2)
  A ball python (D:2)
  2 bats
  A cinder newt skeleton (D:2)
  4 goblins (D:1)
  4 hobgoblins (D:1)
  A ball python skeleton (D:2)
  6 kobolds
  4 rats (D:1)
49 creatures vanquished.

Vanquished Creatures (others)
  5 kobolds (D:2)
  A slimehead (D:2)
  38 withered plants (D:2)
44 creatures vanquished.

Grand Total: 93 creatures vanquished

Notes
Turn   | Place    | Note
-------+----------+-------------------------------------------
     0 | D:1      | sankara the Immature Draconian Transmuter began the quest
                  | for the Orb.
     0 | D:1      | Reached XP level 1. HP: 16/16 MP: 4/4
    22 | D:1      | Reached skill level 3 in Unarmed Combat
    22 | D:1      | Reached XP level 2. HP: 19/23 MP: 5/5
    38 | D:1      | Learned a level 2 spell: Sticks to Snakes
   165 | D:1      | Reached XP level 3. HP: 28/28 MP: 7/7
   322 | D:2      | Reached XP level 4. HP: 16/35 MP: 8/8
   335 | D:2      | Reached skill level 4 in Unarmed Combat
   433 | D:2      | Reached XP level 5. HP: 37/40 MP: 9/9
   545 | D:2      | Reached XP level 6. HP: 47/47 MP: 10/10
   550 | D:2      | Learned a level 3 spell: Scorpion Form
   559 | D:2      | Found a faded altar of an unknown god.
   626 | D:2      | Reached skill level 5 in Unarmed Combat
   726 | D:2      | Slain by a water moccasin

Levels and vault maps discovered:
D:1:      scummos_arrival_star, layout_basic
D:2:      layout_sewer, nemelex_altar_shiori, chequers_ecumenical_altar_simple

Skill      XL: |  1  2  3  4  5  6 |
---------------+-------------------+-----
Unarmed Combat | 3 4 5 |  5.1
Transmutations | 2 3 4 |  4.2
Fighting       | |  1.2
Dodging        | |  1.5
Spellcasting   | |  2.6
Poison Magic   | |  0.7

Action                   |  1- 3 |  4- 6 || total
-------------------------+-------+-------++-------
Melee: Unarmed           |    66 |   131 ||   197
       Tailslap          |     1 |     9 ||    10
       Kick              |       |     4 ||     4
 Cast: Beastly Appendage |       |     2 ||     2
 Abil: Breathe Dart      |       |     1 ||     1
 Stab: Sleeping          |     1 |       ||     1
Armor: Skin              |     5 |    17 ||    22
Dodge: Dodged            |    25 |    35 ||    60
